 Dungeon Crawl Stone Soup version 0.28-a0-247-gb8bfbab023 (webtiles) character file.

Game seed: 6340805623177811150

891 rabbitsville the Covered (level 8, -2/67 HPs)
             Began as a Gnoll Wanderer on Aug 25, 2021.
             Was a Believer of Sif Muna.
             Slain by an orc priest (5 damage)
             ... on level 5 of the Dungeon.
             The game lasted 00:28:53 (4210 turns).

rabbitsville the Covered (Gnoll Wanderer)           Turns: 4210, Time: 00:28:55

Health: -2/67      AC:  2    Str: 11 (12) XL:     8   Next: 6%
Magic:  21/21      EV: 12    Int: 18 (19) God:    Sif Muna [**....]
Gold:   195        SH:  4    Dex: 10 (12) Spells: 11/12 levels left

rFire   . . .      SeeInvis .   b - +2 morningstar (protect)
rCold   . . .      Faith    .   x - +0 buckler
rNeg    . . .      Spirit   .   h - +0 robe
rPois   .          Reflect  .   (no helmet)
rElec   .          Harm     .   o - scarf {repulsion}
rCorr   .          Rampage  .   (no gloves)
Will    .....                   (no boots)
Stlth   ++........              (no amulet)
HPRegen 0.21/turn               m - ring of magical power
MPRegen 0.17/turn               y - +6 ring of intelligence

@: mighty, repel missiles
A: fangs 1, strong nose, distributed training
a: Renounce Religion, Channel Magic


You were on level 5 of the Dungeon.
You worshipped Sif Muna.
Sif Muna was pleased with you.
You visited 1 branch of the dungeon, and saw 5 of its levels.

You collected 195 gold pieces.

Inventory:

Hand Weapons
 a - a +0 hand crossbow
 b - a +2 morningstar of protection (weapon)
Missiles
 c - 59 bolts
Armour
 d - a +0 ring mail
 h - a +0 robe (worn)
 o - a scarf of repulsion (worn)
 r - a +0 leather armour
 x - a +0 buckler (worn)
Magical Staves
 s - a staff of fire
Jewellery
 m - a ring of magical power (left hand)
 y - a +6 ring of intelligence (right hand)
Wands
 w - a wand of acid (11)
Scrolls
 e - a scroll of fear {unknown}
 g - a scroll of amnesia {unknown}
 j - 2 scrolls of teleportation
 k - 3 scrolls of noise {unknown}
 n - 3 scrolls of immolation {unknown}
 t - a scroll of silence {unknown}
 v - a scroll of holy word {unknown}
Potions
 i - 2 potions of resistance
 u - a potion of mutation {unknown}
 z - a potion of flight {unknown}
Miscellaneous
 q - a box of beasts


   Skills:
 + Level 7.2 Fighting
 + Level 2.9 Short Blades
 + Level 2.9 Long Blades
 + Level 3.9 Axes
 + Level 2.9 Maces & Flails
 + Level 2.9 Polearms
 + Level 2.9 Staves
 + Level 2.9 Slings
 + Level 2.9 Bows
 + Level 3.9 Crossbows
 + Level 2.9 Throwing
 + Level 7.2 Armour
 + Level 2.9 Dodging
 + Level 3.8 Stealth
 + Level 2.9 Shields
 + Level 2.9 Unarmed Combat
 + Level 2.9 Spellcasting
 + Level 2.3 Conjurations
 + Level 2.3 Hexes
 + Level 2.3 Summonings
 + Level 2.3 Necromancy
 + Level 2.3 Translocations
 + Level 2.3 Transmutations
 + Level 2.3 Fire Magic
 + Level 2.3 Ice Magic
 + Level 2.3 Air Magic
 + Level 2.3 Earth Magic
 + Level 2.3 Poison Magic
 + Level 3.2 Invocations
 + Level 3.9 Evocations


You had 11 spell levels left.
You knew the following spells:

 Your Spells              Type           Power      Damage    Failure   Level
a - Pain                  Necr           44%        1d6       7%          1

Your spell library contained the following spells:

 Spells                   Type           Power      Damage    Failure   Level
 Animate Skeleton         Necr           22%        N/A       7%          1
 Sting                    Tmut/Pois      44%        1d5       7%          1
 Poisonous Vapours        Pois/Air       22%        N/A       11%         2
 Lesser Beckoning         Tloc           5%         N/A       22%         3
 Teleport Other           Tloc           11%        N/A       22%         3
 Vampiric Draining        Necr           5%         2d6       22%         3
 Olgreb's Toxic Radiance  Pois           11%        N/A       56%         4


Dungeon Overview and Level Annotations

Branches:
Dungeon (5/15)
 Temple: D:4-7

Altars:
Ru
Sif Muna

Shops:
D:4 (


Innate Abilities, Weirdness & Mutations

You have very sharp teeth.
Your uncanny sense of smell can sniff out nearby items.
Your experience applies equally to all skills.


Message History

The orc priest closely misses you.
You hit the orc warrior.
The orc warrior is moderately wounded.
The orc hits you but does no damage. The orc warrior barely misses you.
The orc priest barely misses you. The orc barely misses you.
The orc warrior hits you with a +0 mace!
* * * LOW HITPOINT WARNING * * *
You barely miss the orc warrior.
The orc warrior is moderately wounded.
The orc priest misses you. The orc closely misses you.
You block the orc warrior's attack. The orc priest hits you with a +0 club.
* * * LOW HITPOINT WARNING * * *
Okay, then.
You feel better. The orc hits you but does no damage.
The orc warrior hits you with a +0 mace!
The orc priest hits you but does no damage.
You feel very mighty all of a sudden. The orc hits you with a +0 hand axe.
* * * LOW HITPOINT WARNING * * *
The orc warrior hits you with a +0 mace!
* * * LOW HITPOINT WARNING * * *
The orc priest closely misses you.
You feel better. The orc hits you with a +0 hand axe.
* * * LOW HITPOINT WARNING * * *
The orc warrior barely misses you.
The orc priest mumbles some strange prayers to Beogh against you.
Pain shoots through your body!
* * * LOW HITPOINT WARNING * * *
You feel better. The orc hits you with a +0 hand axe.
* * * LOW HITPOINT WARNING * * *
The orc warrior hits you with a +0 mace.
* * * LOW HITPOINT WARNING * * *
You block the orc priest's attack.
It was a potion of degeneration.
There was something very wrong with that liquid.
You feel weakened.
You feel dopey.
You feel clumsy. The orc hits you with a +0 hand axe.
* * * LOW HITPOINT WARNING * * *
You block the orc warrior's attack. The orc priest hits you with a +0 club.
You die...

# . #. ###########
..##.#######.........#
...........o@.....#######.#
...........oo.....#.......#
..................#...#.###
..........................#...
.....................##.#######
....................<##.$.
.........................##
.....................###.#
.........................#


You could see an orc warrior, an orc priest and an orc.

Vanquished Creatures
  Grinder (D:2)
  A black bear (D:3)
  A phantom (D:4)
  A wyvern zombie (D:5)
  2 scorpions
  An orc priest (D:3)
  Natasha (thrice) (D:3)
  An iguana (D:3)
  2 orc wizards (D:3)
  4 gnolls (D:3)
  A howler monkey skeleton (D:5)
  4 adders (D:2)
  2 ufetubi
  An adder skeleton (D:4)
  2 worms (D:2)
  A dart slug (D:4)
  4 orcs
  6 bats
  11 endoplasms
  4 giant cockroaches
  10 goblins
  11 hobgoblins
  9 kobolds
  2 quokkas
  8 ball pythons
  2 frilled lizards
  3 rats
98 creatures vanquished.

Notes
Turn   | Place    | Note
-------+----------+-------------------------------------------
     0 | D:1      | rabbitsville the Gnoll Wanderer began the quest for the
                  | Orb.
     0 | D:1      | rabbitsville set off with the following items: a +0 hand
                  | crossbow, a box of beasts, 22 bolts, a +0 ring mail
     0 | D:1      | Reached XP level 1. HP: 23/23 MP: 1/1
   129 | D:1      | Reached XP level 2. HP: 29/29 MP: 2/2
   725 | D:2      | Reached XP level 3. HP: 35/35 MP: 3/3
   796 | D:2      | Reached skill level 1 in Invocations
   862 | D:2      | Reached skill level 1 in Short Blades
   862 | D:2      | Reached skill level 1 in Long Blades
   862 | D:2      | Reached skill level 1 in Maces & Flails
   862 | D:2      | Reached skill level 1 in Polearms
   862 | D:2      | Reached skill level 1 in Staves
   862 | D:2      | Reached skill level 1 in Slings
   862 | D:2      | Reached skill level 1 in Bows
   862 | D:2      | Reached skill level 1 in Throwing
   862 | D:2      | Reached skill level 1 in Dodging
   862 | D:2      | Reached skill level 1 in Shields
   862 | D:2      | Reached skill level 1 in Unarmed Combat
   862 | D:2      | Reached skill level 1 in Spellcasting
   864 | D:2      | Reached XP level 4. HP: 32/41 MP: 5/5
  1659 | D:2      | Reached skill level 1 in Conjurations
  1659 | D:2      | Reached skill level 1 in Hexes
  1659 | D:2      | Reached skill level 1 in Summonings
  1659 | D:2      | Reached skill level 1 in Necromancy
  1659 | D:2      | Reached skill level 1 in Translocations
  1659 | D:2      | Reached skill level 1 in Transmutations
  1659 | D:2      | Reached skill level 1 in Fire Magic
  1659 | D:2      | Reached skill level 1 in Ice Magic
  1659 | D:2      | Reached skill level 1 in Air Magic
  1659 | D:2      | Reached skill level 1 in Earth Magic
  1659 | D:2      | Reached skill level 1 in Poison Magic
  1800 | D:2      | Found a faded altar of an unknown god.
  1809 | D:2      | Became a worshipper of Sif Muna the Loreminder
  1809 | D:2      | Reached * piety under Sif Muna
  1857 | D:3      | Noticed a black bear
  1862 | D:3      | Reached XP level 5. HP: 14/47 MP: 7/7
  2180 | D:3      | Noticed Grinder
  2184 | D:3      | Paralysed by Grinder for 6 turns
  2199 | D:2      | Paralysed by Grinder for 4 turns
  2213 | D:2      | Paralysed by Grinder for 4 turns
  2227 | D:2      | Killed Grinder
  2228 | D:2      | Reached XP level 6. HP: 34/53 MP: 9/9
  2434 | D:3      | Killed a black bear
  2435 | D:3      | Reached XP level 7. HP: 54/59 MP: 10/10
  2497 | D:3      | Noticed Natasha
  2511 | D:3      | Killed Natasha
  2521 | D:3      | HP: 3/60 [something (1)]
  2756 | D:3      | Found a sacrificial altar of Ru.
  2943 | D:3      | Got Sif Muna's Reference Book on Warped Poison
  3019 | D:3      | Noticed Natasha
  3022 | D:3      | Killed Natasha
  3187 | D:3      | Noticed Natasha
  3197 | D:3      | Killed Natasha
  3441 | D:4      | Learned a level 1 spell: Pain
  3968 | D:4      | Found Yganag's Weapon Emporium.
  4069 | D:5      | Entered Level 5 of the Dungeon
  4117 | D:5      | Reached ** piety under Sif Muna
  4151 | D:5      | Reached XP level 8. HP: 40/67 MP: 12/12
  4210 | D:5      | HP: 3/67 [orc (6)]
  4210 | D:5      | Slain by an orc priest

Illustrated notes

Levels and vault maps discovered:
D:1:      dpeg_arrival_central, layout_basic
D:2:      layout_rooms, hellmonk_ecumenical_altar_leap_of_faith,
          minmay_divided_ellipse
D:3:      layout_rooms, mainiacjoe_overflow_24_doors,
          kennysheep_generic_room_16, uniq_grinder, uniq_natasha
D:4:      layout_basic, serial_shops, shop, hex_large
D:5:      layout_basic, enter_ossuary_3

Skill      XL: |  1  2  3  4  5  6  7 |
---------------+----------------------+-----
Invocations    | 1 2 3 |  3.2
Short Blades   | 1 2 |  2.9
Long Blades    | 1 2 |  2.9
Maces & Flails | 1 2 |  2.9
Polearms       | 1 2 |  2.9
Staves         | 1 2 |  2.9
Slings         | 1 2 |  2.9
Bows           | 1 2 |  2.9
Throwing       | 1 2 |  2.9
Dodging        | 1 2 |  2.9
Shields        | 1 2 |  2.9
Unarmed Combat | 1 2 |  2.9
Spellcasting   | 1 2 |  2.9
Conjurations   | 1 2 |  2.3
Hexes          | 1 2 |  2.3
Summonings     | 1 2 |  2.3
Necromancy     | 1 2 |  2.3
Translocations | 1 2 |  2.3
Transmutations | 1 2 |  2.3
Fire Magic     | 1 2 |  2.3
Ice Magic      | 1 2 |  2.3
Air Magic      | 1 2 |  2.3
Earth Magic    | 1 2 |  2.3
Poison Magic   | 1 2 |  2.3
Axes           | 3 |  3.9
Crossbows      | 3 |  3.9
Evocations     | 3 |  3.9
Stealth        | 3 |  3.8
Fighting       | 7 |  7.2
Armour         | 7 |  7.2

Action                   |  1- 3 |  4- 6 |  7- 9 || total
-------------------------+-------+-------+-------++-------
Melee: Morningstar       |       |    28 |    64 ||    92
       Bite              |       |     5 |     3 ||     8
 Fire: Hand crossbow     |    76 |    94 |    58 ||   228
  Use: Potion            |       |       |     8 ||     8
       Scroll            |       |       |     3 ||     3
Armor: Ring mail         |    19 |    20 |    29 ||    68
       Robe              |       |       |    14 ||    14
Dodge: Dodged            |    17 |    51 |    61 ||   129
Block: Buckler           |       |       |    10 ||    10

Table legend: (Time is in decaauts)
 A = Elapsed time spent in this place.
 B = Non-inter-level travel time spent in this place.
 C = Inter-level travel time spent in this place.
 D = Time resting spent in this place.
 E = Time spent auto-exploring this place.
 F = Levels seen in this place.
 G = Mean time per level.
                   A        B        C        D        E       F      G
               +--------+--------+--------+--------+--------+-----+--------+
         Total |   4314 |   4206 |    108 |    691 |    898 |   5 |  862.8 |
       Dungeon |   4314 |   4206 |    108 |    691 |    898 |   5 |  862.8 |
               +--------+--------+--------+--------+--------+-----+--------+

Top non-repeatable levels by time:
     D:2: 1478 daAuts
     D:3: 1235 daAuts
     D:1: 731 daAuts
     D:4: 719 daAuts
     D:5: 149 daAuts
